 Dungeon Crawl Stone Soup version 0.27-a0-1319-geec4fb4e21 (webtiles) character file.

Game seed: 895996422398566231

59416 dickylongcocking the Fighter (level 15, 0/118 HPs)
             Began as a Djinni Fire Elementalist on June 21, 2021.
             Was the Champion of Makhleb.
             Slain by an ogre (8 damage)
             ... on level 2 of the Orcish Mines.
             The game lasted 00:40:27 (24506 turns).

dickylongcocking the Fighter (DjFE)                Turns: 24506, Time: 00:40:28

Health: 0/118      AC: 10    Str: 13    XL:     15   Next: 34%
Gold:   1133       EV: 16    Int: 23    God:    Makhleb [******] SH:  0 Dex: 14

rFire    + . .     SeeInvis .   x - +3 quarterstaff (flame)
rCold    + . .     Faith    .   (shield currently unavailable)
rNeg     . . .     Spirit   .   b - +0 ring mail {rC+}
rPois    ∞         Reflect  .   i - +0 helmet
rElec    .         Harm     .   D - +2 cloak {rCorr}
rCorr    +         Rampage  .   a - +0 pair of gloves
Will     +....                  (boots unavailable)
Stlth    +.........             g - amulet of regeneration
HPRegen  1.29/turn              V - +6 ring of strength
MPRegen  0.00/turn              u - ring of ice

@: about to teleport, flying
A: sickness immunity, fire resistance 2, cold vulnerability 1, float, innate
caster, hp casting, extra vitality 1
a: Renounce Religion, Minor Destruction, Lesser Servant of Makhleb, Major
Destruction, Greater Servant of Makhleb


You were on level 2 of the Orcish Mines.
You worshipped Makhleb.
Makhleb was exalted by your worship.
You visited 4 branches of the dungeon, and saw 21 of its levels.

You collected 1779 gold pieces.
You spent 646 gold pieces at shops.

Inventory:

Hand Weapons
 x - a +3 quarterstaff of flaming (weapon)
Missiles
 c - 4 boomerangs of dispersal
 q - 4 curare-tipped darts
 M - 3 throwing nets
Armour
 a - a +0 pair of gloves (worn)
 b - a +0 ring mail of cold resistance (worn)
 i - a +0 helmet (worn)
 D - a +2 cloak of preservation (worn)
 E - a +0 leather armour of cold resistance
Magical Staves
 p - a staff of poison
 r - a staff of death
 W - a staff of air
 Y - a staff of conjuration
Jewellery
 g - an amulet of regeneration (around neck)
 l - a ring of positive energy
 m - a ring of fire
 u - a ring of ice (right hand)
 O - an amulet of faith
 R - a ring of ice
 T - a ring of see invisible
 V - a +6 ring of strength (left hand)
Wands
 f - a wand of paralysis (10)
 w - a wand of digging (12)
 I - a wand of flame (74)
 J - a wand of mindburst (8)
 U - a wand of iceblast (13)
Scrolls
 d - a scroll of brand weapon
 h - a scroll of fog
 j - a scroll of magic mapping
 k - a scroll of vulnerability
 n - 5 scrolls of enchant armour
 s - 3 scrolls of enchant weapon
 B - 2 scrolls of torment
 P - 2 scrolls of teleportation
 Q - a scroll of silence
 Z - a scroll of holy word
Potions
 e - a potion of mutation {unknown}
 v - 3 potions of resistance {unknown}
 z - 2 potions of brilliance {unknown}
 A - 3 potions of heal wounds {unknown}
 C - 4 potions of degeneration {unknown}
 F - a potion of cancellation
 H - a potion of might
 K - 2 potions of lignification
 L - 2 potions of curing
 N - 2 potions of haste
 S - a potion of ambrosia
Miscellaneous
 t - a phial of floods


   Skills:
 * Level 14.4 Fighting
 - Level 0.5 Short Blades
 - Level 9.1 Staves
 - Level 1.1 Armour
 * Level 12.4 Dodging
 - Level 1.5 Stealth
 * Level 11.8 Spellcasting


You couldn't memorise any spells.
You knew the following spells:

 Your Spells              Type           Power      Damage    Failure   Level
a - Foxfire               Conj/Fire      100%       2x1d9     1%          1
b - Conjure Flame         Conj/Fire      61%        6-21      1%          3
c - Inner Flame           Hex/Fire       61%        N/A       1%          3
d - Sticky Flame          Conj/Fire      61%        2d8       1%          4
e - Fireball              Conj/Fire      30%        3d13      2%          5
f - Summon Small Mammal   Summ           100%       N/A       1%          1
g - Ensorcelled Hibernat  Hex/Ice        100%       N/A       1%          2
h - Tukima's Dance        Hex            61%        N/A       1%          3
i - Ignite Poison         Fire/Tmut/Pois 61%        N/A       1%          3
j - Manifold Assault      Tloc           61%        N/A       2%          5
k - Agony                 Necr           61%        N/A       2%          5
l - Starburst             Conj/Fire      30%        8x6d9     12%         6
Your spell library was empty.

Dungeon Overview and Level Annotations

Branches:
Dungeon (12/15)            Temple (1/1) D:5            Lair (6/6) D:9
  Swamp (0/4) Lair:3       Spider (0/4) Lair:3          Orc (2/2) D:12
    Elf (0/3) Orc:2
  Slime: Lair:5-6

Altars:
Ashenzari
Cheibriados
Dithmenos
Elyvilon
Fedhas
Gozag
Hepliaklqana
Kikubaaqudgha
Makhleb
Nemelex Xobeh
Okawaru
Qazlal
Ru
Sif Muna
Trog
Uskayaw
Vehumet
Wu Jian
Xom
Yredelemnul
Zin
The Shining One
Lugonu

Shops:
D:5 ?   D:8 (   Orc:2 **:(**

Annotations:
D:4 2 runed translucent doors
D:11 1 runed translucent door, mdk's ghost, journeyman MiBe


Innate Abilities, Weirdness & Mutations

You are immune to sickness and miasma.
You are immune to poison.
Your flesh is very heat resistant. (rF++)
You are vulnerable to cold. (rC-)
You float through the air rather than walking.
You learn spells naturally, not from books.
Your magical power is your life essence.
You have superior vitality. (+4 HP)


Message History

You feel resistant to cold.
Casting: Fireball (dangerous; 2% risk of failure)
Confirm with . or Enter, or press ? or * to list all spells.
Okay, then.
Unknown command.
There is a stone staircase leading up here.
You fly upwards.
The warg bites you.
The orc priest mumbles some strange prayers to Beogh against you.
Beogh smites you!
The orc priest invokes the aid of Beogh against you.
Pain shoots through your body! The warg bites you. The orc barely misses you.
The orc warrior hits you with a +0 vampiric scimitar!
The orc priest invokes the aid of Beogh against you.
Beogh smites you! The warg bites you!
There is a stone staircase leading down here.
Unknown command.
Unknown command.
The warg bites you.
The orc priest invokes the aid of Beogh against you.
Beogh smites you!
* * * LOW HITPOINT WARNING * * *
The ogre closely misses you. The orc barely misses you.
You fly downwards.
There is a stone staircase leading up here.
Unknown command.
Unknown command.
Unknown command.
Okay, then.
Okay, then.
As you read the scroll of teleportation, it crumbles to dust.
You feel strangely unstable. The orc warrior misses you.
The orc warrior hits you with a +0 vampiric scimitar!
* * * LOW HITPOINT WARNING * * *
The warg bites you!
* * * LOW HITPOINT WARNING * * *
The orc completely misses you. The orc warlord completely misses you.
The orc hits you with a +0 dagger.
* * * LOW HITPOINT WARNING * * *
The ogre hits you with a +0 giant spiked club!
You die...

..## ...# ..## ### .##
########.##### ##
#####.#..##....#.##
####⌠∩⌠#.............#
.#.......#........#.##
........##.....ooo.##
.#......#......O@h##
####⌠∩⌠###..#..oo##
######..#..[...# #
###....[.[...# #
##......[#....###### #
#....#...##..#.##..## ##
##.#.....#..........#######
.##
#....................#.##.##
..#
##.#...#.#...#.............#


You could see an orc warlord, a warg, 2 orc warriors, an ogre and 2 orcs.

Vanquished Creatures
  The ghost of Shayle the Fighter, a journeyman OgWr of the Shining One (Orc:2)
  The ghost of speeev3455 the Warrior, a journeyman MiFi of Trog (D:10)
  Snorg (Lair:3)
  An ettin (D:12)
  Josephine (D:10)
  Harold (D:8)
  Fannar (D:10)
  8 hydras
  2 two-headed ogres
  2 death yaks (Lair:3)
  Urug (D:12)
  3 orc high priests (Orc:2)
  Sonja (D:10)
  3 skeletal warriors (D:12)
  3 orc knights (Orc:2)
  A wolf spider (Lair:3)
  A deep elf pyromancer (D:12)
  5 orc sorcerers (Orc:2)
  4 cyclopes
  3 elephants (Lair:6)
  The ghost of mdk the Slasher, a novice MiMo (D:4)
  Maurice (Orc:1)
  2 black mambas (Lair:5)
  Joseph (D:8)
  2 gargoyles
  7 torpor snails
  9 cane toads
  An unseen horror (D:12)
  2 kobold demonologists (D:10)
  4 komodo dragons
  3 rime drakes
  2 jumping spiders (Lair:3)
  2 trolls
  Prince Ribbit (D:9)
  Grinder (D:3)
  7 dream sheep (Lair:5)
  9 blink frogs
  5 wraiths (D:10)
  A redback (Lair:3)
  2 wyverns
  A vampire (D:11)
  41 yaks
  6 basilisks
  2 steam dragons
  4 vampire mosquitoes
  A warg (Orc:2)
  An acid dragon (D:11)
  11 water moccasins
  Duvessa (D:7)
  20 orc warriors
  A sky beast (D:7)
  9 ogres
  2 black bears
  3 ice beasts
  A necrophage (D:3)
  A hornet zombie (D:8)
  14 centaurs
  14 wolves
  A phantom (D:6)
  2 kobold brigands (D:4)
  16 bullfrogs
  4 scorpions
  Dowan (D:7)
  A wyvern zombie (D:7)
  4 wights (D:7)
  23 killer bees
  3 electric eels
  7 howler monkeys
  2 centaur zombies
  A jelly (D:5)
  3 hounds
  16 orc priests
  Crazy Yiuf (D:6)
  3 iguanas
  19 orc wizards
  4 hell rats (Lair:4)
  A killer bee zombie (D:7)
  Robin (D:2)
  A howler monkey skeleton (D:5)
  7 adders
  A gnoll (D:1)
  A shadow imp (D:6)
  2 white imps
  3 ufetubi
  An adder skeleton (D:4)
  4 worms
  3 dart slugs
  60 orcs
  6 ball pythons
  A bat zombie (D:7)
  9 endoplasms
  5 giant cockroaches
  14 goblins
  7 hobgoblins
  2 jackals (D:3)
  5 quokkas
  6 bats
  A frilled lizard (D:2)
  9 kobolds
  6 rats
  A bush (Lair:5)
508 creatures vanquished.

Vanquished Creatures (collateral kills)
  An orc knight (Orc:2)
  A wyvern (D:4)
  A yak (D:10)
  2 orc warriors (Orc:2)
  2 ogres (Orc:2)
  4 orcs (Orc:2)
  2 goblins (D:4)
  A kobold (D:4)
14 creatures vanquished.

Vanquished Creatures (others)
  An orc wizard (Orc:2)
  An orc (Orc:2)
  350 foxfires
  33 fungi
  23 plants
408 creatures vanquished.

Grand Total: 930 creatures vanquished

Notes
Turn   | Place    | Note
-------+----------+-------------------------------------------
     0 | D:1      | dickylongcocking the Djinni Fire Elementalist began the
                  | quest for the Orb.
     0 | D:1      | Reached XP level 1. HP: 15/15 MP: 0/0
   277 | D:1      | Found a faded altar of an unknown god.
   346 | D:1      | Reached XP level 2. HP: 19/22 MP: 0/0
   403 | D:1      | Reached skill level 1 in Fighting
  1315 | D:1      | Reached XP level 3. HP: 25/28 MP: 0/0
  1315 | D:1      | Learned a level 1 spell: Summon Small Mammal
  2206 | D:2      | Reached skill level 2 in Fighting
  2483 | D:2      | Reached XP level 4. HP: 15/34 MP: 0/0
  3395 | D:3      | Reached XP level 5. HP: 38/40 MP: 0/0
  3395 | D:3      | Learned a level 2 spell: Ensorcelled Hibernation
  3461 | D:3      | Noticed Robin
  3462 | D:3      | Noticed Grinder
  3770 | D:2      | Killed Robin
  3771 | D:2      | Reached skill level 3 in Fighting
  4244 | D:3      | Killed Grinder
  4245 | D:3      | Reached skill level 4 in Fighting
  4245 | D:3      | Reached XP level 6. HP: 21/47 MP: 0/0
  5124 | D:4      | Noticed a necrophage
  5139 | D:3      | Killed a necrophage
  5140 | D:3      | Reached XP level 7. HP: 31/53 MP: 0/0
  5140 | D:3      | Learned a level 3 spell: Tukima's Dance
  5291 | D:4      | Found a runed translucent door.
  5293 | D:4      | Noticed mdk's ghost (novice MiMo)
  5342 | D:4      | Found a large runed translucent door.
  5343 | D:4      | Found a large runed translucent door.
  5345 | D:4      | Found a large runed translucent door.
  5345 | D:4      | Found a large runed translucent door.
  5354 | D:4      | Reached skill level 5 in Fighting
  5512 | D:4      | Found a snail-covered altar of Cheibriados.
  5661 | D:4      | Found an ornate altar of the Wu Jian Council.
  5745 | D:4      | Reached skill level 5 in Spellcasting
  5797 | D:4      | Reached XP level 8. HP: 45/61 MP: 0/0
  5972 | D:4      | Noticed a wyvern
  5985 | D:4      | Killed a wyvern
  5986 | D:4      | Reached skill level 6 in Fighting
  6185 | D:4      | Killed mdk's ghost
  6201 | D:4      | Reached skill level 7 in Fighting
  6496 | D:4      | Reached XP level 9. HP: 38/68 MP: 0/0
  6496 | D:4      | Learned a level 3 spell: Ignite Poison
  6660 | D:5      | Entered Level 5 of the Dungeon
  6674 | D:5      | Found an iron altar of Okawaru.
  6702 | D:5      | Found Sahuil's Magic Scroll Emporium.
  6710 | D:5      | Bought a scroll of blinking for 90 gold pieces
  6710 | D:5      | Bought a scroll of fear for 42 gold pieces
  6710 | D:5      | Bought a scroll of enchant armour for 90 gold pieces
  6710 | D:5      | Bought a scroll of enchant weapon for 90 gold pieces
  6840 | D:5      | Found a broken altar of Ashenzari.
  7285 | D:5      | Found a staircase to the Ecumenical Temple.
  7294 | Temple   | Entered the Ecumenical Temple
  7316 | Temple   | Became a worshipper of Makhleb the Destroyer
  7379 | D:5      | Reached skill level 8 in Fighting
  7792 | D:6      | Found a basalt altar of Yredelemnul.
  7794 | D:6      | Noticed a profane servitor
  8246 | D:6      | Found a glowing golden altar of the Shining One.
  8756 | D:6      | Noticed an angel
  8908 | D:6      | Found a runed translucent door.
  8909 | D:6      | Noticed Crazy Yiuf
  8916 | D:6      | Killed Crazy Yiuf
  9082 | D:7      | Found a shadowy altar of Dithmenos.
  9129 | D:7      | Reached skill level 9 in Fighting
  9129 | D:7      | Reached skill level 1 in Staves
  9136 | D:7      | Reached XP level 10. HP: 72/78 MP: 0/0
  9178 | D:7      | Noticed Dowan
  9182 | D:7      | Noticed Duvessa
  9187 | D:7      | Killed Duvessa
  9188 | D:7      | Killed Dowan
  9199 | D:7      | Reached * piety under Makhleb
  9843 | D:8      | Noticed Joseph
  9856 | D:8      | Killed Joseph
 10164 | D:8      | Found a hide-covered altar of Uskayaw.
 10228 | D:8      | Reached ** piety under Makhleb
 10371 | D:8      | Reached skill level 10 in Fighting
 10856 | D:8      | Found Dedwugeq's Weapon Boutique.
 10869 | D:8      | Noticed Harold
 10879 | D:8      | Killed Harold
 11141 | D:8      | Found a shimmering altar of Xom.
 11156 | D:8      | Reached XP level 11. HP: 83/85 MP: 0/0
 11156 | D:8      | Learned a level 5 spell: Manifold Assault
 11549 | D:9      | Found a bloodstained altar of Trog.
 11550 | D:9      | Noticed a two-headed ogre
 11581 | D:9      | Killed a two-headed ogre
 11622 | D:9      | Reached skill level 5 in Staves
 11850 | D:9      | Noticed a cyclops
 11863 | D:9      | Killed a cyclops
 12214 | D:9      | Found a sacrificial altar of Ru.
 12317 | D:9      | Found a glowing silver altar of Zin.
 12335 | D:9      | Noticed Prince Ribbit
 12346 | D:9      | Killed Prince Ribbit
 12403 | D:9      | Found a staircase to the Lair.
 12509 | D:10     | Entered Level 10 of the Dungeon
 12551 | D:10     | Reached skill level 5 in Dodging
 12572 | D:10     | Noticed Fannar
 12686 | D:10     | Killed Fannar
 12687 | D:10     | Reached skill level 1 in Armour
 12835 | D:10     | Reached *** piety under Makhleb
 12892 | D:10     | Noticed Josephine
 12900 | D:10     | Noticed Sonja
 12910 | D:10     | Killed Sonja
 12911 | D:10     | Reached skill level 11 in Fighting
 12916 | D:10     | Killed Josephine
 12917 | D:10     | Reached XP level 12. HP: 44/94 MP: 0/0
 13130 | D:10     | Found a runed translucent door.
 13161 | D:10     | Found a stormy altar of Qazlal.
 13504 | D:10     | Noticed speeev3455's ghost (journeyman MiFi)
 13552 | D:10     | Killed speeev3455's ghost
 13919 | D:11     | Found a hide-covered altar of Uskayaw.
 14207 | D:11     | Found a runed translucent door.
 14207 | D:11     | Found a shimmering altar of Xom.
 14207 | D:11     | Noticed mdk's ghost (journeyman MiBe)
 14207 | D:11     | Noticed a +2 trident of chaos
 14817 | D:12     | Noticed a skeletal warrior
 14818 | D:12     | Noticed Urug
 14818 | D:12     | Noticed a skeletal warrior
 14825 | D:12     | Reached **** piety under Makhleb
 14828 | D:12     | Noticed a skeletal warrior
 14830 | D:12     | Killed Urug
 15297 | D:12     | Found a staircase to the Orcish Mines.
 15440 | D:12     | Killed a skeletal warrior
 15487 | D:12     | Killed a skeletal warrior
 15487 | D:12     | Killed a skeletal warrior
 15488 | D:12     | Reached skill level 12 in Fighting
 15488 | D:12     | Reached XP level 13. HP: 85/101 MP: 0/0
 15488 | D:12     | Learned a level 5 spell: Agony
 16654 | D:9      | Reached skill level 10 in Spellcasting
 16667 | Lair:1   | Entered Level 1 of the Lair of Beasts
 16928 | Lair:1   | Identified the +4 spear of the Inferno {vorpal, rF+}
 18112 | Lair:2   | Noticed a seven-headed hydra
 18126 | Lair:2   | Killed a seven-headed hydra
 18484 | Lair:3   | Reached ***** piety under Makhleb
 18568 | Lair:3   | Noticed a five-headed hydra
 18569 | Lair:3   | Noticed a six-headed hydra
 18573 | Lair:3   | Found a staircase to the Swamp.
 18600 | Lair:3   | Killed a five-headed hydra
 18819 | Lair:3   | Killed a six-headed hydra
 19010 | Lair:3   | Noticed Snorg
 19020 | Lair:3   | Killed Snorg
 19021 | Lair:3   | Reached skill level 10 in Dodging
 19195 | Lair:3   | Reached XP level 14. HP: 108/108 MP: 0/0
 19257 | Lair:3   | Found a hole to the Spider Nest.
 19687 | Lair:4   | Reached skill level 13 in Fighting
 20211 | Lair:4   | Found a snail-covered altar of Cheibriados.
 21489 | Lair:6   | Entered Level 6 of the Lair of Beasts
 21788 | Orc:1    | Entered Level 1 of the Orcish Mines
 21788 | Orc:1    | Noticed Maurice
 21792 | Orc:1    | Killed Maurice
 21801 | D:12     | Reached skill level 14 in Fighting
 23050 | Orc:2    | Entered Level 2 of the Orcish Mines
 23066 | Orc:2    | Found a transporter.
 23073 | Orc:2    | Reached XP level 15. HP: 95/117 MP: 0/0
 23073 | Orc:2    | Learned a level 6 spell: Starburst
 23131 | Orc:2    | Noticed Shayle's ghost (journeyman OgWr)
 23237 | Orc:2    | Reached ****** piety under Makhleb
 23403 | Orc:2    | Found a staircase to the Elven Halls.
 23490 | Orc:2    | Found Tusoik's General Store.
 23494 | Orc:2    | Found Ygaxtu's Specific Store.
 23528 | Orc:2    | Found a transporter.
 23923 | Orc:2    | Found Atasomp's Weapon Shop.
 23923 | Orc:2    | Found Zunekh's Book Emporium.
 23925 | Orc:2    | Found Popu Luo's Assorted Antiques.
 23925 | Orc:2    | Found Riege's Assorted Antiques.
 23934 | Orc:2    | Bought a scroll labelled DOAP IVOAGGUFF for 34 gold pieces
 23936 | Orc:2    | Bought a potion of haste for 300 gold pieces
 24017 | Orc:2    | Killed Shayle's ghost
 24131 | Orc:1    | Noticed an orc warlord
 24506 | Orc:2    | Slain by an ogre

Illustrated notes

Levels and vault maps discovered:
D:1:      roderic_crop_circles_arrival_small, layout_loops_corners,
          shapermc_ecumenical_altar_totnotflames, palyth_stone_intersect
D:2:      layout_loops_ring
D:3:      layout_loops_ring, uniq_grinder, uniq_robin
D:4:      layout_loops_ring, nzn_wu_jian_council_hall, lemuel_tele_altar,
          ebering_ghost_inner_flame, minmay_hollow_rounded_squares
D:5:      layout_loops_ring, nicolae_overflow_hidden_temple,
          kennysheep_mini_moat, minmay_temple_entry_statues_pillars,
          serial_shops, shop, serial_park_tiny_2, minmay_misc_feat_square
D:6:      layout_loops_corners, grunt_temple_overflow_holy_war,
          uniq_crazy_yiuf_cottage
D:7:      layout_cave_pools, grunt_dithmenos_smoke_and_mirrors,
          lemuel_zombie_altar_kikubaaqudgha, uniq_duvessa
D:8:      layout_loops_corners, general_overflow_altar, kennysheep_mini,
          kennysheep_small_circle, uniq_joseph, uniq_harold
D:9:      layout_loops_ring, lemuel_coloured_pillars_altar, zin_statuary,
          old_standard_altar, lair_entry_dummy, uniq_prince_ribbit1
D:10:     layout_long_grid, kennysheep_little_box,
          ebering_ghost_reflecting_pool, uniq_fannar, uniq_sonja, uniq_josephine
D:11:     layout_basic, ebering_ghost_xom,
          nicolae_uskayaw_murder_on_the_dancefloor
D:12:     layout_layer_cave, orc_0_dummy, grunt_ogre_cave, uniq_urug
Temple:   corrupted_temple
Lair:1:   layout_roguey, infiniplex_staircase_pool
Lair:2:   layout_hall_layers, nicolae_quartered_pool_medium
Lair:3:   layout_cave_pods, palyth_hydra_swamp_entry,
          spider_nest_entry_funnel_web, grunt_megastairs_4, uniq_snorg
Lair:4:   layout_long_grid, kennysheep_snail_temple
Lair:5:   layout_loops_ring
Lair:6:   hangedman_lair_caniforms_friends, layout_cave_pods, wormcave,
          nicolae_slime_entry_slimehenge, minmay_lair_oklob_chamber
Orc:1:    layout_caves, enter_volcano_2, uniq_maurice
Orc:2:    grunt_orc_tribal_feast, layout_caves, gammafunk_ghost_arena,
          nicolae_specific_store, lightli_orcish_oven

Skill      XL: |  1  2  3  4  5  6  7  8  9 10 11 12 13 14 15 |
---------------+----------------------------------------------+-----
Fighting       | 1 2 4 5 7 9 10 11 12 14 | 14.4
Spellcasting   | 3 4 5 6 7 8 9 10 11 | 11.8
Staves         | 1 4 6 7 9 |  9.1
Dodging        | 3 6 8 10 11 12 | 12.4
Armour         | 1 |  1.1
Short Blades   | |  0.5
Stealth        | |  1.5

Action                   |  1- 3 |  4- 6 |  7- 9 | 10-12 | 13-15 || total
-------------------------+-------+-------+-------+-------+-------++-------
Melee: Unarmed           |     4 |       |       |       |       ||     4
       Dagger            |    25 |    65 |   140 |       |       ||   230
       Club              |       |     3 |       |       |       ||     3
       Quarterstaff      |       |       |    10 |   113 |   103 ||   226
       Staff             |       |       |       |       |    20 ||    20
 Cast: Foxfire           |    78 |    69 |    31 |    47 |    10 ||   235
       Inner Flame       |       |       |    27 |    52 |    42 ||   121
       Summon Small Mamm |       |       |    28 |     9 |     6 ||    43
       Ensorcelled Hiber |       |       |     2 |     5 |     5 ||    12
       Sticky Flame      |       |       |    13 |    64 |    79 ||   156
       Fireball          |       |       |       |    60 |   198 ||   258
       Manifold Assault  |       |       |       |     5 |     5 ||    10
       Tukima's Dance    |       |       |       |     2 |       ||     2
Evoke: Phial of floods   |       |       |       |     1 |       ||     1
       Wand              |       |       |       |     1 |       ||     1
  Use: Scroll            |       |     1 |     3 |    10 |    14 ||    28
       Potion            |       |     1 |     1 |     6 |     1 ||     9
 Stab: Sleeping          |       |     2 |     8 |       |     2 ||    12
       Distracted        |       |       |     1 |       |       ||     1
Armor: Robe              |    11 |    24 |    16 |       |       ||    51
       Leather armour    |       |       |     8 |    70 |    51 ||   129
Dodge: Dodged            |    31 |    75 |   141 |   180 |   195 ||   622

Table legend: (Time is in decaauts)
 A = Elapsed time spent in this place.
 B = Non-inter-level travel time spent in this place.
 C = Inter-level travel time spent in this place.
 D = Time resting spent in this place.
 E = Time spent auto-exploring this place.
 F = Levels seen in this place.
 G = Mean time per level.
                   A        B        C        D        E       F      G
               +--------+--------+--------+--------+--------+-----+--------+
         Total |  24560 |  22647 |   1913 |   3822 |  15321 |  21 | 1169.5 |
       Dungeon |  17584 |  16055 |   1529 |   3063 |  10634 |  12 | 1465.3 |
        Temple |     34 |     23 |     11 |      0 |     16 |   1 |   34.0 |
          Lair |   4998 |   4717 |    281 |    308 |   3761 |   6 |  833.0 |
  Orcish Mines |   1941 |   1850 |     91 |    451 |    910 |   2 |  970.5 |
               +--------+--------+--------+--------+--------+-----+--------+

Top non-repeatable levels by time:
     D:1: 2050 daAuts
     D:2: 2014 daAuts
    D:12: 1995 daAuts
     D:8: 1718 daAuts
    D:11: 1607 daAuts
     D:4: 1579 daAuts
   Orc:2: 1446 daAuts
     D:9: 1365 daAuts
  Lair:3: 1326 daAuts
     D:6: 1272 daAuts
     D:3: 1203 daAuts
    D:10: 1097 daAuts
  Lair:2: 1007 daAuts
  Lair:4: 984 daAuts
  Lair:5: 948 daAuts
